 Dungeon Crawl Stone Soup version 0.24.0-123-gd5b16e6ec5 (webtiles) character file.

Game seed: 15967322980677222758, levelgen mode: deterministic

962 Delamore the Cleaver (level 8, -3/58 HPs)
             Began as a Formicid Fighter on Jan 8, 2020.
             Was an Initiate of Okawaru.
             Slain by Pikel
             ... wielding a +1 whip of electrocution
              (4 damage)
             ... on level 5 of the Dungeon.
             The game lasted 00:05:16 (4503 turns).

Delamore the Cleaver (Formicid Fighter)             Turns: 4503, Time: 00:05:17

Health: -3/58      AC: 13    Str: 23    XL:     8   Next: 37%
Magic:  8/8        EV:  4    Int:  8    God:    Okawaru [......]
Gold:   185        SH:  0    Dex: 10    Spells: 7/7 levels left

rFire    . . .     SeeInvis +   t - +0 hand axe
rCold    . . .     Gourm    .   c - +0 shield
rNeg     . . .     Faith    .   o - +1 plate armour
rPois    .         Spirit   .   (helmet unavailable)
rElec    .         Reflect  .   (no cloak)
rCorr    .         Harm     .   v - +0 pair of gloves
MR       .....                  (no boots)
Stlth    ..........             (no amulet)
HPRegen  0.19/turn              (no ring)
MPRegen  0.11/turn              (no ring)

@: confused
A: permanent stasis, dig shafts and tunnels, four strong arms, antennae 3
a: Dig, Shaft Self, Renounce Religion


You were on level 5 of the Dungeon.
You worshipped Okawaru.
Okawaru was noncommittal.
You were not hungry.

You visited 2 branches of the dungeon, and saw 6 of its levels.

You collected 215 gold pieces.
You spent 30 gold pieces at shops.

Inventory:

Hand Weapons
 a - a +1 war axe
 t - a +0 hand axe (weapon)
Missiles
 y - 6 boomerangs of dispersal (quivered)
Armour
 b - a +0 scale mail
 c - a +0 shield (worn)
 o - a +1 plate armour (worn)
 v - a +0 pair of gloves (worn)
Jewellery
 k - an uncursed ring of fire
 u - an uncursed ring of ice
Wands
 w - a wand of polymorph (6)
Scrolls
 i - a scroll of magic mapping
 j - 4 scrolls of identify
 l - a scroll of immolation
 m - a scroll of enchant weapon
 n - 5 scrolls of enchant armour
 p - 2 scrolls of fog
 q - 3 scrolls of noise
 r - a scroll of amnesia {unknown}
 s - a scroll of remove curse {unknown}
Potions
 d - a potion of might
 e - 2 potions of haste
 g - 2 potions of heal wounds {unknown}
 h - 3 potions of degeneration {unknown}
 z - a potion of ambrosia
Comestibles
 f - 4 rations


   Skills:
 - Level 3.2 Fighting
 + Level 9.3 Axes
 - Level 3.2 Armour
 - Level 3.6 Shields


You had 7 spell levels left.
You didn't know any spells.
Your spell library contained the following spells:

 Spells                   Type           Power        Failure   Level  Hunger
 Animate Skeleton         Necr           N/A          100%        1    ##.....
 Apportation              Tloc           #.....       100%        1    ##.....
 Confusing Touch          Hex            #.....       100%        1    ##.....
 Corona                   Hex            #......      100%        1    ##.....
 Summon Small Mammal      Summ           #...         100%        1    ##.....
 Ensorcelled Hibernation  Hex/Ice        #.....       100%        2    ###....
 Confuse                  Hex            #.......     100%        3    ####...
 Dazzling Spray           Conj/Hex       #.....       100%        3    ####...
 Tukima's Dance           Hex            #.......     100%        3    ####...


Dungeon Overview and Level Annotations

Branches:
Dungeon (5/15)             Temple (1/1) D:4

Altars:
Cheibriados
Hepliaklqana
Kikubaaqudgha
Makhleb
Nemelex Xobeh
Okawaru
Sif Muna
Uskayaw
Wu Jian
Xom
Zin

Shops:
D:4 ?   D:5 *

Annotations:
D:5 1 runed translucent door, Crazy Yiuf, Pikel


Innate Abilities, Weirdness & Mutations

You cannot be hasted, slowed, berserked, paralysed or teleported.
You can dig through walls and to a lower floor.
Your four strong arms can wield two-handed weapons with a shield.
You have a pair of large antennae on your head. (SInv)


Message History

You hit Pikel.
Pikel is lightly wounded.
You hit the slave. You barely miss the slave.
Your shield and plate armour prevent you from hitting the slave.
You hit the slave.
Pikel cracks his whip.
Pikel hits you but does no damage.
You are electrocuted!
* * * LOW HITPOINT WARNING * * *
The slave hits you but does no damage. The slave completely misses you.
It was a potion of haste.
Your stasis prevents you from being hasted.
The slave hits you but does no damage. You block the slave's attack.
You block Pikel's attack. You block the slave's attack. x2
It was a potion of ambrosia.
You are confused.
You feel invigorated. The slave hits you.
* * * LOW HITPOINT WARNING * * *
The slave barely misses you.
Pikel hits you with a +1 whip of electrocution.
You die...

******** **,** ##.
##,#.########*** #..
********#.##........,,,* #..
**,,,,,,,,..#.......#**,* #..
,,,******###!.......###.# #..
**** *.............#.# #..
*,*#........(.#.# #..
*,##...Kp.......# #..
*,#....p@.......#######(.
*********,#....pp$...............
,,,,,,,,,$...#####.............<.
*********.#.,,,,,#.....#########)
*,*,****,#.###.# #. *,*,****,#.#
#.# #. *,,,,,,,...###.#########.
***,,,,..................
*****##################


You could see Pikel and 4 slaves.

Vanquished Creatures
  Eustachio (D:5)
  2 centaurs (D:5)
  A bullfrog (D:3)
  2 vampire bats (D:4)
  A crimson imp (D:2)
  2 hounds
  A gnoll shaman (D:3)
  An orc priest (D:3)
  3 orc wizards (D:4)
  4 worker ants (D:4)
  3 gnolls (D:3)
  9 adders
  2 worms
  A dart slug (D:1)
  8 leopard geckos
  8 orcs
  4 bats
  3 bat skeletons (D:4)
  2 bat zombies (D:4)
  5 giant cockroaches
  5 goblins
  6 hobgoblins
  A ball python (D:5)
  4 frilled lizards
  11 kobolds
  5 rats
95 creatures vanquished.

Notes
Turn   | Place    | Note
-------+----------+-------------------------------------------
     0 | D:1      | Delamore the Formicid Fighter began the quest for the Orb.
     0 | D:1      | Reached XP level 1. HP: 18/18 MP: 1/1
    98 | D:1      | Reached XP level 2. HP: 14/24 MP: 2/2
   271 | D:1      | Reached skill level 3 in Axes
   379 | D:1      | Reached XP level 3. HP: 21/29 MP: 3/3
   981 | D:2      | Reached skill level 4 in Axes
   981 | D:2      | Reached XP level 4. HP: 35/35 MP: 4/4
  1427 | D:3      | Reached XP level 5. HP: 35/41 MP: 5/5
  1475 | D:3      | Reached skill level 5 in Axes
  1965 | D:3      | Noticed a bullfrog
  1975 | D:3      | Killed a bullfrog
  1975 | D:3      | Reached skill level 6 in Axes
  1975 | D:3      | Reached XP level 6. HP: 44/47 MP: 6/6
  2374 | D:4      | Found a shimmering altar of Xom.
  2374 | D:4      | Found a glowing silver altar of Zin.
  2374 | D:4      | Noticed an angel
  2599 | D:4      | Reached XP level 7. HP: 37/52 MP: 7/7
  2800 | D:4      | Reached skill level 7 in Axes
  3050 | D:4      | Found a sparkling altar of Nemelex Xobeh.
  3162 | D:4      | Found a staircase to the Ecumenical Temple.
  3194 | Temple   | Entered the Ecumenical Temple
  3313 | Temple   | Became a worshipper of Warmaster Okawaru
  3874 | D:4      | Found an ancient bone altar of Kikubaaqudgha.
  3906 | D:4      | Reached skill level 8 in Axes
  4011 | D:4      | Found Ymodubb's Magic Scroll Shoppe.
  4022 | D:4      | Bought a scroll of noise for 10 gold pieces
  4022 | D:4      | Bought a scroll of identify for 20 gold pieces
  4051 | D:5      | Entered Level 5 of the Dungeon
  4083 | D:5      | Found Nagrol's Serpentskin Sales.
  4239 | D:5      | Noticed Eustachio
  4242 | D:5      | Reached XP level 8. HP: 44/58 MP: 8/8
  4267 | D:5      | Killed Eustachio
  4267 | D:5      | Reached skill level 9 in Axes
  4390 | D:5      | Found a runed translucent door.
  4391 | D:5      | Noticed Crazy Yiuf
  4491 | D:5      | Noticed Pikel
  4501 | D:5      | HP: 2/58 [Pikel/+1 whip of electrocution (12)]
  4503 | D:5      | Slain by Pikel

Levels and vault maps discovered:
D:1:      matt_arrival_refuge, layout_basic
D:2:      layout_loops_cross
D:3:      layout_basic
D:4:      layout_loops_ring, grunt_temple_overflow_order_and_chaos_1,
          kennysheep_mini_moat, kennysheep_vampire_church,
          minmay_temple_entry_stoned_glass, first_ration, serial_shops,
          nicolae_shop_window_shopping, kennysheep_generic_room_2
D:5:      layout_loops_ring, guppyfry_shop_venom, uniq_eustachio,
          uniq_crazy_yiuf_cottage, uniq_pikel
Temple:   nicolae_temple_figure_eight

Skill      XL: |  1  2  3  4  5  6  7  8 |
---------------+-------------------------+-----
Axes           | 3 4 6 8 9 |  9.3
Fighting       | |  3.2
Armour         | |  3.2
Shields        | |  3.6

Action                   |  1- 3 |  4- 6 |  7- 9 || total
-------------------------+-------+-------+-------++-------
Melee: War axe           |    71 |    50 |       ||   121
       Hand axe          |       |   114 |   216 ||   330
  Use: Scroll            |       |       |     5 ||     5
       Potion            |       |       |     2 ||     2
  Eat: Chunk             |       |     6 |     3 ||     9
       Ration            |       |       |     1 ||     1
Armor: Scale mail        |    36 |       |       ||    36
       Plate armour      |       |   111 |   145 ||   256
Dodge: Dodged            |    23 |    36 |    37 ||    96
Block: Shield            |    46 |   110 |   109 ||   265
